 Dungeon Crawl Stone Soup version 0.30-a0-373-gd37427bb62 (webtiles) character file.

Game seed: 902234147822719349

273 timneilson the Covered (level 6, -1/38 HPs)
             Began as a Gargoyle Fighter on Nov 24, 2022.
             Slain by Sigmund
             ... wielding a +0 scythe
              (8 damage)
             ... on level 4 of the Dungeon.
             The game lasted 00:05:08 (2517 turns).

timneilson the Covered (Gargoyle Fighter)           Turns: 2517, Time: 00:05:09

Health: -1/38      AC: 11    Str: 21    XL:     6   Next: 24%
Magic:  6/6        EV:  9    Int:  9    God:
Gold:   152        SH:  5    Dex:  9    Spells: 5/5 levels left

rFire   + . .      SeeInvis .    a - +1 long sword
rCold   . . .      Faith    .    c - +1 buckler
rNeg    + . .      Spirit   .    b - +0 scale mail
rPois   ∞          Reflect  .    (no helmet)
rElec   +          Harm     .    (no cloak)
rCorr   .          Rampage  .    (no gloves)
Will    .....                    (no boots)
Stlth   ..........               (no amulet)
HPRegen 0.26/turn                m - ring of protection from fire
MPRegen 0.10/turn                (no ring)

@: no status effects
A: sickness immunity, AC +4, negative energy resistance 1, electricity
resistance, torment resistance 1, petrification resistance
a: no special abilities


You were on level 4 of the Dungeon.
You visited 1 branch of the dungeon, and saw 4 of its levels.

You collected 152 gold pieces.

Inventory:

Hand Weapons
 a - a +1 long sword (weapon)
Missiles
 k - 2 throwing nets (quivered)
Armour
 b - a +0 scale mail (worn)
 c - a +1 buckler (worn)
Jewellery
 m - a ring of protection from fire (left hand)
Wands
 d - a wand of roots (6)
 o - a wand of paralysis (14)
Scrolls
 e - a scroll of identify
 f - 2 scrolls of teleportation
 l - a scroll of fear
 n - a scroll of enchant armour
Potions
 g - a potion of cancellation
 h - 2 potions of haste
 i - a potion of mutation
 j - a potion of invisibility
 p - a potion of heal wounds


   Skills:
 + Level 4.0 Fighting
 * Level 3.1 Long Blades
 * Level 4.8 Armour
 + Level 1.3 Dodging
 * Level 4.6 Shields
 + Level 0.1 Evocations


You had 5 spell levels left.
You didn't know any spells.
Your spell library contained the following spells:

 Spells                   Type           Power      Damage    Failure   Level
 Blink                    Tloc           0%         N/A       90%         2
 Ensorcelled Hibernation  Hex/Ice        0%         N/A       90%         2
 Passwall                 Tmut/Erth      0%         N/A       90%         2
 Swiftness                Air            0%         N/A       99%         3
 Manifold Assault         Tloc           0%         N/A       100%        4
 Storm Form               Tmut/Air       0%         N/A       100%        7


Dungeon Overview and Level Annotations

Branches:
Dungeon (4/15)
 Temple: D:4-7

Altars:
Fedhas
The Shining One

Annotations:
D:4 Sigmund


Innate Abilities, Weirdness & Mutations

You are immune to sickness and miasma.
Your stone body is resilient. (AC +4)
You are immune to poison.
You resist negative energy. (rN+)
You are resistant to electric shocks. (rElec)
You are resistant to unholy torment.
You are immune to petrification.


Message History

The endoplasm hits you but does no damage.
You completely miss something. You closely miss something.
You block the endoplasm's attack. Something hits you but does no damage.
You hit something but do no damage. You block the endoplasm's attack.
You hit something. You block the endoplasm's attack.
You hear some strange, mumbled words.
A magic dart appears from out of thin air!
The magic dart hits you!
You hit something. The endoplasm freezes you.
You are frozen.
* * * LOW HITPOINT WARNING * * *
You block something's attack.
You hit something.
The endoplasm hits you but does no damage.
You miss something. You block something's attack.
The endoplasm closely misses you.
You miss something.
Your extra speed is starting to run out.
Something hits you.
* * * LOW HITPOINT WARNING * * *
The endoplasm closely misses you.
You completely miss something. You slash the endoplasm!
You kill the endoplasm!
Something hits you.
* * * LOW HITPOINT WARNING * * *
You miss something. You barely miss something.
Something hits you but does no damage.
You closely miss something. You miss something.
Something hits you but does no damage.
You barely miss something.
You feel yourself slow down. Something hits you.
* * * LOW HITPOINT WARNING * * *
You closely miss something. Something hits you but does no damage.
You hit something. You slash something! Something hits you!
You die...

####......# .##
#.##..#########..# #.#
#.# #......... #.#
#.###.........
#####.###..##.......#
#...........#.......#
#...###.#####....#.####
.. ...# #####.#.###.
#.### #@..........# #.
#[{.#####...... .
#..### .##### .. #.# #
## ... #.# ... #.


There were no monsters in sight!

Vanquished Creatures
  An ogre (D:3)
  2 hounds
  Ijyb (D:3)
  3 adders
  2 worms (D:2)
  2 dart slugs
  9 ball pythons
  6 endoplasms
  5 giant cockroaches
  4 hobgoblins
  4 jackals (D:2)
  2 quokkas (D:1)
  4 bats
  6 frilled lizards
  5 goblins
  8 kobolds
  5 rats
69 creatures vanquished.

Notes
Turn   | Place    | Note
-------+----------+-------------------------------------------
     0 | D:1      | timneilson the Gargoyle Fighter began the quest for the
                  | Orb.
     0 | D:1      | Reached XP level 1. HP: 14/14 MP: 1/1
   158 | D:1      | Reached XP level 2. HP: 19/19 MP: 2/2
   160 | D:1      | Found a faded altar of an unknown god.
   481 | D:1      | Reached XP level 3. HP: 23/23 MP: 3/3
   747 | D:2      | Reached XP level 4. HP: 13/28 MP: 4/4
  1326 | D:2      | Found a glowing golden altar of the Shining One.
  1628 | D:3      | Found a blossoming altar of Fedhas.
  1757 | D:3      | Reached skill level 1 in Dodging
  1831 | D:3      | Reached XP level 5. HP: 30/33 MP: 5/5
  1881 | D:3      | Noticed an ogre
  1888 | D:3      | Killed an ogre
  1943 | D:3      | Noticed Ijyb
  1955 | D:3      | Killed Ijyb
  1956 | D:3      | Reached XP level 6. HP: 11/38 MP: 6/6
  2478 | D:4      | Noticed Sigmund
  2517 | D:4      | Slain by Sigmund

Illustrated notes

Levels and vault maps discovered:
D:1:      giann_horns, layout_basic, dreamdust_ecumenical_altar_grove
D:2:      layout_loops_ring, basic_altar
D:3:      layout_loops_ring, marbit_many_paths, uniq_ijyb
D:4:      layout_rooms, temple_fountains, minmay_diced_spiral, uniq_sigmund,
          uniq_duvessa

Skill      XL: |  1  2  3  4  5  6 |
---------------+-------------------+-----
Long Blades    | 2 3 |  3.1
Shields        | 4 |  4.6
Armour         | 4 |  4.8
Dodging        | 1 |  1.3
Fighting       | 4 |  4.0
Evocations     | |  0.1

Action                   |  1- 3 |  4- 6 || total
-------------------------+-------+-------++-------
Melee: Long sword        |    76 |   180 ||   256
  Use: Scroll            |     5 |     9 ||    14
       Potion            |       |     3 ||     3
Armor: Scale mail        |    60 |    94 ||   154
Dodge: Dodged            |    43 |    72 ||   115
Block: Buckler           |    17 |    41 ||    58

Table legend: (Time is in decaauts)
 A = Elapsed time spent in this place.
 B = Non-inter-level travel time spent in this place.
 C = Inter-level travel time spent in this place.
 D = Time resting spent in this place.
 E = Time spent auto-exploring this place.
 F = Levels seen in this place.
 G = Mean time per level.
                   A        B        C        D        E       F      G
               +--------+--------+--------+--------+--------+-----+--------+
         Total |   2580 |   2506 |     74 |      0 |   1896 |   4 |  645.0 |
       Dungeon |   2580 |   2506 |     74 |      0 |   1896 |   4 |  645.0 |
               +--------+--------+--------+--------+--------+-----+--------+

Top non-repeatable levels by time:
     D:2: 919 daAuts
     D:3: 873 daAuts
     D:1: 717 daAuts
     D:4: 69 daAuts
